 Dungeon Crawl Stone Soup version 0.31-a0-188-g5e087ee2ca (webtiles) character file.

Game seed: 12454480670586686756

86 qw the Shooter (level 4, -1/25 HPs)
             Began as a Deep Elf Hunter on June 23, 2023.
             Slain by a black bear (11 damage)
             ... on level 4 of the Dungeon.
             The game lasted 00:00:36 (2076 turns).

qw the Shooter (Deep Elf Hunter)                    Turns: 2076, Time: 00:00:36

Health: -1/25      AC:  7    Str: 10    XL:     4   Next: 26%
Magic:  6/6        EV:  9    Int: 14    God:
Gold:   51         SH:  5    Dex: 18    Spells: 3/3 levels left

rFire   . . .        Y - +0 shortbow
rCold   . . .        (shield currently unavailable)
rNeg    . . .        l - +0 scale mail
rPois   .            k - +0 helmet
rElec   .            (no cloak)
rCorr   .            (no gloves)
SInv    .            (no boots)
Will    .....        i - amulet of reflection
Stlth   +            (no ring)
HPRegen 0.24/turn    (no ring)
MPRegen 0.10/turn

%: reflection
@: no status effects
A: no striking features
a: no special abilities


You were on level 4 of the Dungeon.
You visited 1 branch of the dungeon, and saw 4 of its levels.

You collected 171 gold pieces.
You spent 120 gold pieces at shops.


   Skills:
 - Level 1.5 Fighting
 + Level 7.7 Ranged Weapons
 - Level 2.4 Dodging
 - Level 1.2 Stealth


You had 3 spell levels left.
You didn't know any spells.
Your spell library was empty.

Inventory:

Hand Weapons
 Y - a +0 shortbow (weapon)
Armour
 k - a +0 helmet (worn)
 l - a +0 scale mail (worn)
Jewellery
 i - an amulet of reflection (around neck)
Potions
 b - a potion of heal wounds {unknown}
 d - a potion of resistance {unknown}
 e - 6 potions of curing
 f - a potion of brilliance {unknown}
 g - a potion of lignification {unknown}

Dungeon Overview and Level Annotations

Branches:
Dungeon (4/15)
 Temple: D:4-7

Altars:

Shops:
D:1 =   D:3 !


Message History

Found 11 gold pieces.
Found a stone staircase leading down.
There is a stone staircase leading up here.
Waypoint 3 assigned to D:4.
You now have 51 gold pieces (gained 11).
Found 7 stones and a mace.
A goblin comes into view. It is wielding a +0 dagger.
Found 2 golden potions.
The goblin shouts!
You shoot an arrow. The arrow hits the goblin.
The goblin is heavily wounded.
You shoot an arrow. The arrow misses the goblin.
A black bear comes into view.
You shoot an arrow. The arrow closely misses the goblin.
The black bear growls angrily.
The arrow hits the black bear!
The black bear is moderately wounded.
You shoot an arrow. The arrow hits the goblin!
You kill the goblin!
A hobgoblin comes into view.
You shoot an arrow.
The arrow closely misses the black bear.
You shoot an arrow. The arrow hits the black bear.
The black bear is heavily wounded.
You shoot an arrow.
The arrow hits the black bear but does no damage.
The black bear is heavily wounded.
The black bear bites you.
The black bear claws you but does no damage. x2
You shoot an arrow. The arrow hits the black bear!
The black bear is severely wounded.
The black bear goes berserk!
You shoot an arrow. The arrow barely misses the black bear.
The arrow hits the hobgoblin but does no damage.
The black bear bites you. The black bear closely misses you.
The black bear claws you. The black bear bites you.
You block the black bear's attack. The black bear closely misses you.
You shoot an arrow.
The arrow closely misses the black bear.
The black bear bites you!
You die...

#.......#
#.......##
###.###....#
#...#...#..#
###.#.###..#
#.#......#
########.#..##.##
#$........<.##.#
#.###.@...#.##.#
......gh##.#.....
####.#......###.#
# #.).#........
....##...##.##
##...####.# #..!#
.# #...#


You could see a black bear (berserk) and a hobgoblin.

Vanquished Creatures
  4 adders
  4 dart slugs
  3 ball pythons (D:2)
  7 endoplasms
  A giant cockroach (D:3)
  3 goblins
  3 hobgoblins
  2 jackals (D:2)
  4 kobolds (D:1)
  2 quokkas
  3 bats
  3 frilled lizards
  3 rats
42 creatures vanquished.

Notes
Turn   | Place    | Note
-------+----------+-------------------------------------------
     0 | D:1      | qw the Deep Elf Hunter began the quest for the Orb.
     0 | D:1      | Reached XP level 1. HP: 12/12 MP: 3/3
     0 | D:1      | 0 ||| qw: Version: 0.3-a-9-g12657ce
     0 | D:1      | 0 ||| qw: Game counter: 4080
     0 | D:1      | 0 ||| qw: Always use a shield: true
     0 | D:1      | 0 ||| qw: God list: Okawaru
     0 | D:1      | 0 ||| qw: Allow faded altars: false
     0 | D:1      | 0 ||| qw: Do Orc after D:15 true
     0 | D:1      | 0 ||| qw: Do second Lair branch before Depths: true
     0 | D:1      | 0 ||| qw: Lair rune preference: random
     0 | D:1      | 0 ||| qw: Plans: Normal
     0 | D:1      | 0 ||| PLANNING D:1-11
    27 | D:1      | Found Duraitup's Jewellery Emporium.
    37 | D:1      | 37 ||| SHOPLISTING +4 ring of protection (360 gold, have
                  | 13).
    37 | D:1      | 37 ||| SHOPLISTING +5 ring of evasion (360 gold, have 13).
    37 | D:1      | 37 ||| SHOPLISTING amulet of regeneration (300 gold, have
                  | 13).
    37 | D:1      | 37 ||| SHOPLISTING ring "Jisutaugg" {AC+4 Dex+3} (493 gold,
                  | have 13).
    37 | D:1      | 37 ||| SHOPLISTING ring of poison resistance (200 gold,
                  | have 13).
    37 | D:1      | 37 ||| SHOPLISTING ring of see invisible (150 gold, have
                  | 13).
    37 | D:1      | 37 ||| SHOPLISTING ring of willpower (250 gold, have 13).
   267 | D:1      | Reached skill level 6 in Ranged Weapons
   267 | D:1      | Reached XP level 2. HP: 16/16 MP: 4/4
   576 | D:1      | 576 ||| UPGRADING to amulet of reflection.
   581 | D:1      | 581 ||| READING scroll labelled CIFUCV BOFEL SUR.
   582 | D:1      | 582 ||| READING scroll labelled YRPHOC JEODA.
   583 | D:1      | 583 ||| DROPPING scroll of butterflies.
   649 | D:2      | Reached XP level 3. HP: 20/20 MP: 5/5
   738 | D:2      | Reached skill level 7 in Ranged Weapons
  1102 | D:2      | 1102 ||| UPGRADING to +0 helmet.
  1107 | D:2      | 1107 ||| UPGRADING to +0 scale mail.
  1117 | D:2      | 1117 ||| DROPPING +0 leather armour.
  1118 | D:2      | 1118 ||| READING scroll labelled RYCWIU KAGU.
  1119 | D:2      | 1119 ||| READING scroll labelled MEH MUOQEPN.
  1120 | D:2      | 1120 ||| DRINKING 2 sedimented yellow potions.
  1224 | D:2      | 1224 ||| DROPPING potion of berserk rage.
  1326 | D:3      | Reached XP level 4. HP: 22/25 MP: 6/6
  1417 | D:3      | Found Ahiest's Distillery.
  1425 | D:3      | 1425 ||| BUYING potion of curing (30 gold).
  1425 | D:3      | Bought a potion of curing for 30 gold pieces
  1425 | D:3      | 1425 ||| BUYING potion of curing (30 gold).
  1425 | D:3      | Bought a potion of curing for 30 gold pieces
  1425 | D:3      | 1425 ||| BUYING potion of curing (30 gold).
  1425 | D:3      | Bought a potion of curing for 30 gold pieces
  1425 | D:3      | 1425 ||| BUYING potion of curing (30 gold).
  1425 | D:3      | Bought a potion of curing for 30 gold pieces
  1425 | D:3      | 1425 ||| SHOPLISTING potion of curing (30 gold, have 20).
  1988 | D:3      | 1988 ||| READING scroll labelled KYTTUSHR QUKI.
  1989 | D:3      | 1989 ||| READING scroll labelled OSEJOIFORI.
  2068 | D:4      | Noticed a black bear
  2076 | D:4      | Slain by a black bear

Levels and vault maps discovered:
D:1:      minmay_arrival_arboretum_small, layout_loops_ring, serial_shops, shop
D:2:      layout_basic
D:3:      layout_basic, serial_shops, shop
D:4:      layout_basic, mainiacjoe_overflow_boulevard, uniq_blork_the_orc

Skill      XL: |  1  2  3 |
---------------+----------+-----
Ranged Weapons | 6 7 |  7.7
Fighting       | |  1.5
Dodging        | |  2.4
Stealth        | |  1.2

Action                     |  1- 3 |  4- 6 || total
---------------------------+-------+-------++-------
   Fire: Shortbow          |    85 |    28 ||   113
    Use: Scroll            |     4 |     2 ||     6
         Potion            |     1 |       ||     1
 Armour: Leather armour    |     2 |       ||     2
         Scale mail        |     5 |     4 ||     9
  Dodge: Dodged            |    14 |     3 ||    17
  Block: Other             |     6 |     1 ||     7

Table legend:
 A = Non-vault XP
 B = Vault XP
 C = Vault XP percentage of total XP
 D = Non-vault monster count
 E = Vault monster count
 F = Vault count percentage of total count
                 A         B        C        D         E       F
            +---------+---------+-------+---------+---------+-------
      Total |     123 |       0 |   0.0 |      42 |       0 |   0.0
            +---------+---------+-------+---------+---------+-------
        D:1 |      27 |       0 |   0.0 |      15 |       0 |   0.0
        D:2 |      54 |       0 |   0.0 |      18 |       0 |   0.0
        D:3 |      40 |       0 |   0.0 |       8 |       0 |   0.0
        D:4 |       2 |       0 |   0.0 |       1 |       0 |   0.0
            +---------+---------+-------+---------+---------+-------
